 Dungeon Crawl Stone Soup version 0.20.2-3-g29329e0561 (webtiles) character file.

98 Alfie the Skirmisher (level 4, 0/41 HPs)
             Began as a Hill Orc Fighter on Dec 5, 2022.
             Slain by an orc
             ... wielding a +0 flail
              (4 damage)
             ... on level 3 of the Dungeon.
             The game lasted 00:04:17 (1742 turns).

Alfie the Skirmisher (Hill Orc Fighter)             Turns: 1742, Time: 00:04:18

Health: 0/41       AC:  8    Str: 19    XL:     4   Next: 71%
Magic:  4/4        EV:  7    Int:  8    God:
Gold:   142        SH:  9    Dex: 10    Spells: 3/3 levels left

rFire    . . .     SeeInvis .   a - +0 rapier
rCold    . . .     Gourm    .   c - +0 shield
rNeg     . . .     Faith    .   b - +0 scale mail
rPois    .         Spirit   .   q - +0 helmet
rElec    .         Reflect  .   (no cloak)
rCorr    .         Harm     .   (no gloves)
MR       .....                  (no boots)
Stlth    ..........             (no amulet)
Regen    0.2/turn               (no ring)
MPRegen  0.1/turn               (no ring)

@: no status effects
A: no striking features
a: Convert to Beogh


You were on level 3 of the Dungeon.
You were not hungry.

You visited 1 branch of the dungeon, and saw 3 of its levels.

You collected 142 gold pieces.

Inventory:

Hand Weapons
 a - a +0 rapier (weapon)
Armour
 b - a +0 scale mail (worn)
 c - a +0 shield (worn)
 q - a +0 helmet (worn)
Jewellery
 i - a +5 ring of protection {unknown}
Scrolls
 g - 2 scrolls of magic mapping {unknown}
 j - 2 scrolls of identify {unknown}
 l - 2 scrolls of noise {unknown}
 o - 2 scrolls of remove curse {unknown}
 p - a scroll of teleportation {unknown}
 t - a scroll of immolation {unknown}
Potions
 d - a potion of might
 e - 4 potions of curing {unknown}
 k - 3 potions of agility {unknown}
 m - a potion of heal wounds {unknown}
 r - a potion of mutation {unknown}
 s - a potion of brilliance {unknown}
Comestibles
 f - a bread ration
 h - a meat ration
 n - a royal jelly


   Skills:
 + Level 4.3 Fighting
 + Level 2.7 Short Blades
 + Level 3.8 Armour
 + Level 0.5 Dodging
 + Level 4.2 Shields


You had 3 spell levels left.
You didn't know any spells.

Dungeon Overview and Level Annotations

Branches:
Dungeon (3/15)

Altars:
Kikubaaqudgha


Message History

The orc priest mumbles some strange prayers to Beogh against you.
Beogh smites you!
* * * LOW HITPOINT WARNING * * *
The orc priest shouts, "Join the one true god or die!"
You hit the orc.
You kill the orc!
The orc priest calls down the wrath of Beogh upon you.
You barely resist.
The orc shouts! x2
Things that are here:
a club; a ring mail; a fuming black potion You block the orc's attack.
Things that are here:
a club; a ring mail; a fuming black potion You closely miss the orc priest.
The orc hits you with a flail.
* * * LOW HITPOINT WARNING * * *
You block the orc priest's attack.
Your shield prevents you from hitting the orc priest.
The orc hits you with a flail.
You die...

### #####.##### ..#
#.........# # #.#
#.###.###.# ## # #.# #.#
#.###. ##. ##. #.#
#.###...#.####.<
##...##.###............≈..
.............≈≈....≈.≈..).
##...##.###.≈≈≈≈≈≈≈≈≈≈≈...
##...[%o@oo..≈≈≈≈≈≈≈≈≈.≈.
##.##.###...≈≈≈≈≈≈≈≈≈≈.. #
#.# #..≈≈≈≈.♣.≈≈≈≈.# #.#
#.≈o≈≈≈._.≈≈≈..# ..#
#...≈≈≈$≈≈≈≈≈.≈# ###
#...≈≈≈≈≈≈≈≈≈≈.#
..o≈≈≈≈≈≈≈≈≈≈.#
#..≈≈≈≈≈≈≈≈≈.≈#


You could see an orc priest and 3 orcs.

Vanquished Creatures
  4 adders (D:2)
  An ooze (D:1)
  4 leopard geckos
  2 orcs (D:3)
  A ball python (D:1)
  2 giant cockroaches
  4 goblins
  10 hobgoblins
  A quokka (D:3)
  5 bats
  2 frilled lizards
  8 kobolds
  6 rats
50 creatures vanquished.

Notes
Turn   | Place    | Note
-------+----------+-------------------------------------------
     0 | D:1      | Alfie the Hill Orc Fighter began the quest for the Orb.
     0 | D:1      | Reached XP level 1. HP: 19/19 MP: 1/1
    35 | D:1      | Reached XP level 2. HP: 20/27 MP: 2/2
   380 | D:1      | Reached XP level 3. HP: 33/33 MP: 3/3
  1013 | D:2      | Reached XP level 4. HP: 14/40 MP: 4/4
  1122 | D:2      | Found an ancient bone altar of Kikubaaqudgha.
  1634 | D:3      | Found a faded altar of an unknown god.
  1742 | D:3      | Slain by an orc

Skill      XL: |  1  2  3 |
---------------+----------+-----
Fighting       | 4 |  4.3
Shields        | 4 |  4.2
Short Blades   | |  2.7
Armour         | |  3.8
Dodging        | |  0.5

Action                   |  1- 3 |  4- 6 || total
-------------------------+-------+-------++-------
Melee: Rapier            |    93 |    62 ||   155
  Eat: Bread ration      |       |     1 ||     1
Armor: Scale mail        |    41 |    25 ||    66
Dodge: Dodged            |    29 |    19 ||    48
Block: Shield            |    48 |    30 ||    78
